 Dungeon Crawl Stone Soup version 0.31-a0-358-gac0dbeb3ab (webtiles) character file.

Game seed: 315319028857373302

372 AIAndy the Magician (level 7, -7/45 HPs)
             Began as a Djinni Fire Elementalist on July 26, 2023.
             Mangled by a wight
             ... wielding a +4 morningstar
              (11 damage)
             ... on level 4 of the Dungeon.
             The game lasted 00:08:34 (2690 turns).

AIAndy the Magician (Djinni Fire Elementalist)      Turns: 2690, Time: 00:08:35

Health: -7/45      AC:  2    Str:  7    XL:     7   Next: 2%
Gold:   143        EV: 12    Int: 19    God:
                   SH:  5    Dex: 13

rFire   + + .        (no weapon)
rCold   x . .        (no shield)
rNeg    . . .        a - +0 robe
rPois   ∞            (no helmet)
rElec   .            (no cloak)
rCorr   .            (no gloves)
SInv    .            (boots unavailable)
Will    .....        h - amulet of reflection
Stlth   ++           (no ring)
HPRegen 0.27/turn    (no ring)
MPRegen 0.00/turn

%: reflection, infuse magic (-8 HP)
@: flying, very slightly contaminated
A: sickness immunity, fire resistance 2, cold vulnerability 1, float, innate
caster, HP casting, extra vitality 1
a: no special abilities


You were on level 4 of the Dungeon.
You visited 1 branch of the dungeon, and saw 4 of its levels.

You collected 143 gold pieces.


Innate Abilities, Weirdness & Mutations

You are immune to sickness and miasma.
You are immune to poison.
Your flesh is very heat resistant. (rF++)
You are vulnerable to cold. (rC-)
You float through the air rather than walking.
You learn spells naturally, not from books.
Your magical power is your life essence.
You have superior vitality. (+4 MHP)


   Skills:
 - Level 2.1 Dodging
 - Level 1.5 Stealth
 + Level 5.8 Spellcasting
 + Level 5.8 Conjurations
 + Level 5.8 Hexes
 + Level 5.8 Summonings
 + Level 5.8 Necromancy
 + Level 5.8 Translocations
 + Level 5.8 Transmutations
 + Level 5.8 Fire Magic
 + Level 5.8 Ice Magic
 + Level 5.8 Air Magic
 + Level 5.8 Earth Magic
 + Level 5.8 Poison Magic


You knew the following spells:

 Your Spells              Type           Power      Damage    Failure   Level
a - Flame Wave            Conj/Fire      27%        2d9       11%         4
b - Vhi's Electric Charg  Tloc/Air       54%        N/A       3%          3
f - Inner Flame           Hex/Fire       27%        N/A       3%          3
p - Poisonous Vapours     Pois/Air       54%        N/A       1%          2
z - Summon Small Mammal   Summ           100%       N/A       1%          1
X - Foxfire               Conj/Fire      100%       2x1d9     1%          1
Y - Scorch                Fire           54%        2d7       1%          2
Z - Volatile Blastmotes   Fire/Tloc      54%        2d14      3%          3
Your spell library was empty.

Inventory:

Armour
 a - a +0 robe (worn)
Jewellery
 h - an amulet of reflection (around neck)
Wands
 k - a wand of mindburst (22)
Scrolls
 b - 3 scrolls of identify {@r1}
 d - a scroll of noise {unknown}
 f - 2 scrolls of butterflies
 i - a scroll of fear {unknown}
 j - a scroll of brand weapon {unknown}
Potions
 c - a potion of curing {@q1}
 e - 2 potions of mutation {!q}
 g - a potion of might
 l - a potion of heal wounds {unknown}

Dungeon Overview and Level Annotations

Branches:
Dungeon (4/15)
 Temple: D:4-7

Altars:
Hepliaklqana
Qazlal
Xom

Shops:
D:1

**[*
##..####................
#...( ##.....#######...
#.... ##....## #...
...##.###
#.....######... ....
#...###..#..........#
..##.
#...#..###....(...## .#
#.###.....## ##..###...#
#......z.## #.## ##..#
##...##.@..# ### #...
##.z####.##.# #...
#....##.##### #..#
#§#)## #### ##..# #
#.#§# # #####


You could see a wight (combustible).


Message History

Casting: Foxfire (safe; 1% risk of failure)
Confirm with . or Enter, or press ? or * to list all spells.
You miscast Foxfire.
You are very lightly contaminated with residual magic.
Nothing appears to happen.
* * * LOW HITPOINT WARNING * * *
The foxfire hits the wight but does no damage. x2
Casting: Foxfire (safe; 1% risk of failure)
Confirm with . or Enter, or press ? or * to list all spells.
Flames lash the wight.
The wight resists.
The wight is moderately damaged.
The wight's fire resistance burns away.
* * * LOW HITPOINT WARNING * * *
The wight throws a stone.
The stone hits you!
* * * LOW HITPOINT WARNING * * *
The wight throws a stone.
The stone hits you.
* * * LOW HITPOINT WARNING * * *
Casting: Scorch (safe; 1% risk of failure)
Confirm with . or Enter, or press ? or * to list all spells.
Flames lash the wight.
The wight is almost destroyed.
* * * LOW HITPOINT WARNING * * *
The wight throws a stone.
The stone hits you.
* * * LOW HITPOINT WARNING * * *
Casting: Scorch (safe; 1% risk of failure)
Confirm with . or Enter, or press ? or * to list all spells.
Flames lash the wight but do no damage.
* * * LOW HITPOINT WARNING * * *
The wight hits you with a +4 morningstar!
You die...

Skill      XL: |  1  2  3  4  5 |
---------------+----------------+-----
Spellcasting   | 4 5 |  5.8
Conjurations   | 4 5 |  5.8
Hexes          | 4 5 |  5.8
Summonings     | 4 5 |  5.8
Necromancy     | 4 5 |  5.8
Translocations | 4 5 |  5.8
Transmutations | 4 5 |  5.8
Fire Magic     | 4 5 |  5.8
Ice Magic      | 4 5 |  5.8
Air Magic      | 4 5 |  5.8
Earth Magic    | 4 5 |  5.8
Poison Magic   | 4 5 |  5.8
Dodging        | |  2.1
Stealth        | |  1.5

Action                     |  1- 3 |  4- 6 |  7- 9 || total
---------------------------+-------+-------+-------++-------
   Cast: Foxfire           |    56 |    50 |     4 ||   110
         Scorch            |     3 |    14 |     3 ||    20
    Use: Scroll            |       |     5 |       ||     5
 Armour: Robe              |       |     1 |       ||     1
  Dodge: Dodged            |     2 |     4 |     1 ||     7

Levels and vault maps discovered:
D:1:      lightli_molten_gateway, layout_loops_ring, serial_shops, shop, shop,
          shop, nicolae_shop_hallway_stairs,
          hellmonk_ecumenical_altar_prayer_group, minmay_misc_feat_plants,
          nicolae_figureground_sparkle
D:2:      layout_basic, minmay_misc_feat_columns, uniq_terence
D:3:      layout_basic, chequers_temple_overflow_minitemple
D:4:      kennysheep_spiral_hall, layout_layer_cave

Notes
Turn   | Place    | Note
-------+----------+-------------------------------------------
     0 | D:1      | Reached skill level 3 in Spellcasting
     0 | D:1      | Reached skill level 3 in Conjurations
     0 | D:1      | Reached skill level 3 in Hexes
     0 | D:1      | Reached skill level 3 in Summonings
     0 | D:1      | Reached skill level 3 in Necromancy
     0 | D:1      | Reached skill level 3 in Translocations
     0 | D:1      | Reached skill level 3 in Transmutations
     0 | D:1      | Reached skill level 3 in Fire Magic
     0 | D:1      | Reached skill level 3 in Ice Magic
     0 | D:1      | Reached skill level 3 in Air Magic
     0 | D:1      | Reached skill level 3 in Earth Magic
     0 | D:1      | Reached skill level 3 in Poison Magic
     0 | D:1      | AIAndy the Djinni Fire Elementalist began the quest for the
                  | Orb.
     0 | D:1      | AIAndy set off with the following spells memorised:
                  | Foxfire, Scorch, Volatile Blastmotes, Inner Flame, Flame
                  | Wave.
     0 | D:1      | Reached XP level 1. HP: 15/15 MP: 0/0
    40 | D:1      | Found Qiablib's Assorted Antiques.
    78 | D:1      | Found Wockin's Assorted Antiques.
   134 | D:1      | Reached XP level 2. HP: 17/21 MP: 0/0
   258 | D:1      | Found Huur's Assorted Antiques.
   353 | D:1      | Found Neejusmyfo's Antique Armour Boutique.
   400 | D:1      | Reached XP level 3. HP: 23/25 MP: 0/0
   400 | D:1      | Learned a level 1 spell: Summon Small Mammal
   442 | D:1      | Found a faded altar of an unknown god.
   855 | D:2      | Reached XP level 4. HP: 26/31 MP: 0/0
   858 | D:2      | Reached skill level 4 in Spellcasting
   858 | D:2      | Reached skill level 4 in Conjurations
   858 | D:2      | Reached skill level 4 in Hexes
   858 | D:2      | Reached skill level 4 in Summonings
   858 | D:2      | Reached skill level 4 in Necromancy
   858 | D:2      | Reached skill level 4 in Translocations
   858 | D:2      | Reached skill level 4 in Transmutations
   858 | D:2      | Reached skill level 4 in Fire Magic
   858 | D:2      | Reached skill level 4 in Ice Magic
   858 | D:2      | Reached skill level 4 in Air Magic
   858 | D:2      | Reached skill level 4 in Earth Magic
   858 | D:2      | Reached skill level 4 in Poison Magic
   952 | D:2      | Noticed Terence
   958 | D:2      | Killed Terence
  1078 | D:2      | Reached XP level 5. HP: 32/35 MP: 0/0
  1078 | D:2      | Learned a level 2 spell: Poisonous Vapours
  1980 | D:3      | Reached skill level 5 in Spellcasting
  1980 | D:3      | Reached skill level 5 in Conjurations
  1980 | D:3      | Reached skill level 5 in Hexes
  1980 | D:3      | Reached skill level 5 in Summonings
  1980 | D:3      | Reached skill level 5 in Necromancy
  1980 | D:3      | Reached skill level 5 in Translocations
  1980 | D:3      | Reached skill level 5 in Transmutations
  1980 | D:3      | Reached skill level 5 in Fire Magic
  1980 | D:3      | Reached skill level 5 in Ice Magic
  1980 | D:3      | Reached skill level 5 in Air Magic
  1980 | D:3      | Reached skill level 5 in Earth Magic
  1980 | D:3      | Reached skill level 5 in Poison Magic
  2022 | D:3      | Noticed a centaur
  2028 | D:3      | Killed a centaur
  2029 | D:3      | Reached XP level 6. HP: 27/40 MP: 0/0
  2251 | D:3      | Found a faded altar of an unknown god.
  2251 | D:3      | Found a faded altar of an unknown god.
  2258 | D:3      | Found a stormy altar of Qazlal.
  2260 | D:3      | Found a shimmering altar of Xom.
  2268 | D:3      | Found a hazy altar of Hepliaklqana.
  2661 | D:4      | Reached XP level 7. HP: 32/45 MP: 0/0
  2661 | D:4      | Learned a level 3 spell: Vhi's Electric Charge
  2690 | D:4      | Mangled by a wight

Vanquished Creatures
  A centaur (D:3)
  A bullfrog (D:4)
  A wight (D:4)
  An orc priest (D:3)
  Terence (D:2)
  6 gnolls
  2 adders (D:2)
  3 dart slugs
  4 orcs (D:3)
  4 ball pythons
  2 bats (D:3)
  An endoplasm (D:1)
  3 giant cockroaches
  7 goblins
  2 hobgoblins
  3 quokkas (D:1)
  3 frilled lizards
  A kobold (D:1)
  2 rats (D:1)
48 creatures vanquished.

Vanquished Creatures (others)
  172 foxfires
172 creatures vanquished.

Grand Total: 220 creatures vanquished

Table legend: (Time is in decaauts)
 A = Elapsed time spent in this place.
 B = Non-inter-level travel time spent in this place.
 C = Inter-level travel time spent in this place.
 D = Time resting spent in this place.
 E = Time spent auto-exploring this place.
 F = Levels seen in this place.
 G = Mean time per level.
                   A        B        C        D        E       F      G
               +--------+--------+--------+--------+--------+-----+--------+
         Total |   2689 |   2581 |    108 |      0 |   2209 |   4 |  672.2 |
       Dungeon |   2689 |   2581 |    108 |      0 |   2209 |   4 |  672.2 |
               +--------+--------+--------+--------+--------+-----+--------+

Top non-repeatable levels by time:
     D:3: 955 daAuts
     D:1: 732 daAuts
     D:2: 651 daAuts
     D:4: 349 daAuts

Table legend:
 A = Non-vault XP
 B = Vault XP
 C = Vault XP percentage of total XP
 D = Non-vault monster count
 E = Vault monster count
 F = Vault count percentage of total count
                 A         B        C        D         E       F
            +---------+---------+-------+---------+---------+-------
      Total |     492 |      40 |   7.5 |      45 |       3 |   6.2
            +---------+---------+-------+---------+---------+-------
        D:1 |      34 |       4 |  10.5 |      17 |       2 |  10.5
        D:2 |      75 |      36 |  32.4 |       9 |       1 |  10.0
        D:3 |     221 |       0 |   0.0 |      16 |       0 |   0.0
        D:4 |     162 |       0 |   0.0 |       3 |       0 |   0.0
            +---------+---------+-------+---------+---------+-------
